 Dungeon Crawl Stone Soup version 0.30.1-9-gdf580d7c3d (webtiles) character file.

Game seed: 8990302014995229165

114 lonewolfV2 the Trooper (level 4, -6/37 HPs)
             Began as a Demonspawn Fighter on Oct 24, 2023.
             Killed by divine providence
             ... invoked by an orc priest
              (10 damage)
             ... on level 4 of the Dungeon.
             The game lasted 00:05:13 (2293 turns).

lonewolfV2 the Trooper (Demonspawn Fighter)         Turns: 2293, Time: 00:05:14

Health: -6/37      AC:  8    Str: 19    XL:     4   Next: 66%
Magic:  7/7        EV: 12    Int:  9    God:
Gold:   149        SH:  0    Dex: 12    Spells: 7/7 levels left

rFire   . . .        a - +0 war axe
rCold   . . .        c - +0 buckler
rNeg    . . .        k - +0 chain mail
rPois   +            (no helmet)
rElec   .            (no cloak)
rCorr   .            (no gloves)
SInv    .            (no boots)
Will    .....        e - amulet of faith Stlth
                     f - +5 ring of evasion
HPRegen 0.26/turn    g - ring of poison resistance
MPRegen 0.10/turn

%: faith
@: confused, mighty, lethally poisoned (-6 -> -7)
A: foul stench 1
a: no special abilities


You were on level 4 of the Dungeon.
You visited 1 branch of the dungeon, and saw 4 of its levels.

You collected 149 gold pieces.

Inventory:

Hand Weapons
 a - a +0 war axe (weapon)
Armour
 b - a +0 scale mail
 c - a +0 buckler (worn)
 j - a +0 robe
 k - a +0 chain mail (worn)
Jewellery
 e - an amulet of faith (around neck)
 f - a +5 ring of evasion (left hand)
 g - a ring of poison resistance (right hand)
Scrolls
 i - 5 scrolls of teleportation
 l - 2 scrolls of silence
 p - a scroll of magic mapping
Potions
 d - a potion of might
 h - a potion of brilliance
 m - 2 potions of cancellation
 n - a potion of heal wounds {unknown}
 o - 2 potions of magic {unknown}


   Skills:
 + Level 4.0 Fighting
 + Level 2.9 Axes
 - Level 2.6 Armour
 - Level 2.6 Shields
 + Level 2.1 Spellcasting


You had 7 spell levels left.
You didn't know any spells.
Your spell library contained the following spells:

 Spells                   Type           Power      Damage    Failure   Level
 Portal Projectile        Hex/Tloc       0%         N/A       100%        3
 Tukima's Dance           Hex            0%         N/A       100%        3
 Blade Hands              Tmut           0%         N/A       100%        5


Dungeon Overview and Level Annotations

Branches:
Dungeon (4/15)
 Temple: D:4-7

Altars:

Shops:
D:3 :   D:4 :


Innate Abilities, Weirdness & Mutations

You may rarely emit foul miasma when damaged in melee.


Message History

A puff of flame appears from out of thin air!
The puff of flame hits you!
You see here a ball python corpse.
You closely miss something.
The orc priest shouts!
You block the orc's attack. Something hits you but does no damage.
You slash something!
An orc comes into view. It is wielding a +0 trident.
Something hits you.
You are poisoned.
You block the orc's attack.
The orc shouts!
You hit something.
You feel very sick.
You hear some strange, mumbled words.
A puff of flame appears from out of thin air!
The puff of flame hits you but does no damage.
The orc barely misses you. You block the orc's attack. Something hits you.
You miss something.
You feel very sick. The orc barely misses you.
Something hits you but does no damage.
You hit something but do no damage.
You feel sick.
You hear some strange, mumbled words.
You are confused.
The orc hits you from afar with a +0 trident!
You miss something.
You feel sick. Something hits you but does no damage.
The orc barely misses you.
The orc hits you from afar with a +0 trident.
* * * LOW HITPOINT WARNING * * *
Something hits you but does no damage.
You feel very mighty all of a sudden.
You feel sick.
You hear some strange, mumbled words.
You are more confused.
The orc hits you from afar with a +0 trident.
* * * LOW HITPOINT WARNING * * *
You bump into the rock wall.
You feel sick.
The orc priest invokes the aid of Beogh against you.
Beogh smites you!
You die...

#...... ##.......
#...?.... #...)..[.
#........ #.:......
###############.......o
#..........@{ooo...[...
#.#############..?8....
#.# #$....... ###.#
#.8.∩<8.. ##...#
#........ #..###
#.[.8.... ###.###
##....... ......#
#...... ...<..#


You could see an orc priest and 2 orcs.

Vanquished Creatures
  5 adders
  A dart slug (D:3)
  An orc (D:3)
  6 bats
  8 endoplasms
  2 giant cockroaches (D:1)
  3 goblins
  4 hobgoblins
  5 jackals
  5 quokkas
  5 ball pythons
  6 frilled lizards
  5 kobolds
  7 rats
63 creatures vanquished.

Notes
Turn   | Place    | Note
-------+----------+-------------------------------------------
     0 | D:1      | lonewolfV2 the Demonspawn Fighter began the quest for the
                  | Orb.
     0 | D:1      | Reached XP level 1. HP: 18/18 MP: 1/1
   130 | D:1      | Gained mutation: You may rarely emit foul miasma when
                  | damaged in melee. [demonic ancestry]
   130 | D:1      | Reached XP level 2. HP: 24/24 MP: 3/3
   244 | D:1      | Reached skill level 1 in Spellcasting
   732 | D:1      | Reached XP level 3. HP: 29/29 MP: 4/4
  1477 | D:2      | Identified the +1 leather armour of Depression {rC+ Int+3
                  | Dex-5}
  1609 | D:3      | Reached XP level 4. HP: 35/37 MP: 6/6
  1636 | D:3      | Found Abealitu's Book Boutique.
  2183 | D:3      | Reached skill level 4 in Fighting
  2272 | D:4      | Found Caeppaf's Book Boutique.
  2293 | D:4      | Killed from afar by an orc priest

Illustrated notes

Levels and vault maps discovered:
D:1:      lightli_molten_gateway, layout_basic
D:2:      layout_basic
D:3:      layout_basic, serial_shops, shop, minmay_misc_feat_roman
D:4:      layout_rooms, marbit_many_paths, grunt_temple_overflow_diamond,
          lemuel_round_altar, serial_shops, nicolae_shop_statue_plus,
          uniq_crazy_yiuf_cottage, uniq_edmund, uniq_blork_the_orc

Skill      XL: |  1  2  3  4 |
---------------+-------------+-----
Axes           | 2 |  2.9
Spellcasting   | 1 2 |  2.1
Fighting       | 4 |  4.0
Armour         | |  2.6
Shields        | |  2.6

Action                     |  1- 3 |  4- 6 || total
---------------------------+-------+-------++-------
  Melee: War axe           |   136 |    57 ||   193
    Use: Scroll            |     7 |       ||     7
         Potion            |       |     1 ||     1
 Armour: Scale mail        |    73 |       ||    73
         Chain mail        |    32 |    27 ||    59
  Dodge: Dodged            |    75 |    29 ||   104
  Block: Buckler           |    46 |    18 ||    64
